 Dungeon Crawl Stone Soup version 0.22-a0-160-gcc81d7a (webtiles) character file.

17975 Stimme the Severer (level 12, -3/160 HPs)
             Began as a Hill Orc Fighter on Feb 10, 2018.
             Was a High Priest of Okawaru.
             Slain by a 13-headed hydra (5 damage)
             ... on level 4 of the Lair of Beasts on Feb 11, 2018.
             The game lasted 00:49:05 (9792 turns).

Stimme the Severer (Hill Orc Fighter)               Turns: 9792, Time: 00:49:06

Health: -3/160     AC: 26    Str: 21      XL:     12   Next: 53%
Magic:  8/12       EV:  2    Int:  6 (8)  God:    Okawaru [*****.]
Gold:   580        SH:  9    Dex: 13      Spells: 11/11 levels left

rFire    + . .     SeeInvis .   n - +3 broad axe of Geraehot {chop, rPois}
rCold    + . .     Gourm    .   E - +0 buckler {reflect}
rNeg     + + +     Faith    .   (armour currently unavailable)
rPois    +         Spirit   .   (helmet currently unavailable)
rElec    .         Reflect  +   (cloak currently unavailable)
rCorr    .         Harm     .   (gloves currently unavailable)
MR       .....     NoTele   +   (boots currently unavailable)
Stlth    +.........             t - +3 amulet of reflection
HPRegen  0.36/turn              k - ring of protection from fire
MPRegen  0.13/turn              H - ring of protection from cold

@: tree-form, finesse
A: mutation resistance 1, wild magic 1
a: Heroism, Finesse, Renounce Religion


You were on level 4 of the Lair of Beasts.
You worshipped Okawaru.
Okawaru was extremely pleased with you.
You were not hungry.
You were a tree.
You visited 2 branches of the dungeon, and saw 12 of its levels.

You collected 580 gold pieces.

Inventory:

Hand Weapons
 a - a +0 war axe
 g - a +1 hunting sling
 n - the +3 broad axe of Geraehot (weapon) {chop, rPois}
   (Okawaru gifted it to you on level 1 of the Lair of Beasts)

   It inflicts extra damage upon your enemies.
   It protects you from poison.
 x - a +4 battleaxe
 z - a +6 longbow of flaming
 D - a +0 hunting sling
 F - a +0 blowgun
 G - the +5 falchion of the Everdark {freeze, Str+2 Int+7}
   (You found it on level 1 of the Lair of Beasts)

   It has been specially enchanted to freeze those struck by it, causing extra
   injury to most foes and up to half again as much damage against particularly
   susceptible opponents.
   It can also slow down cold-blooded creatures.
   It affects your strength (+2).
   It affects your intelligence (+7).
Missiles
 u - 7 needles of sleeping
 v - 15 poisoned needles
 C - 75 sling bullets
 O - 8 curare-tipped needles
Armour
 j - a +2 pair of gloves (melded)
 m - a +0 helmet (melded)
 y - the +2 scale mail of the Guardian (melded) {rElec rN+ Regen+ Int-3 Dex+2}
   (You found it on level 7 of the Dungeon)

   It affects your intelligence (-3).
   It affects your dexterity (+2).
   It insulates you from electricity.
   It protects you from negative energy.
   It increases your rate of regeneration.
 E - a +0 buckler of reflection (worn)
 N - a +0 pair of boots (melded)
Jewellery
 b - an uncursed ring of protection from fire
 k - a ring of protection from fire (left branch)
 l - an uncursed ring of wizardry
 o - an uncursed amulet of harm
 p - an uncursed amulet of magic regeneration
 t - a +3 amulet of reflection (around neck)
 H - a ring of protection from cold (right branch)
Wands
 d - a wand of random effects (38)
 A - a wand of paralysis (5)
 B - a wand of flame (32)
Scrolls
 e - 7 scrolls of enchant armour
 h - 5 scrolls of remove curse
 i - 4 scrolls of identify
 r - a scroll of fog
 s - a scroll of amnesia
 w - 3 scrolls of enchant weapon
Potions
 q - 2 potions of ambrosia
 J - 2 potions of flight
 K - a potion of heal wounds
 L - 2 potions of curing
 M - 2 potions of magic
Comestibles
 f - 28 rations


   Skills:
 + Level 10.4 Fighting
 * Level 15.2 Axes
 - Level 6.5 Throwing
 + Level 9.6 Armour
 - Level 1.1 Dodging
 - Level 0.4 Stealth
 + Level 10.1 Shields


You had 11 spell levels left.
You didn't know any spells.

Dungeon Overview and Level Annotations

Branches:
Dungeon (8/15)             Temple (0/1) D:7            Lair (4/6) D:8
  Swamp (0/4) Lair:2
  Snake: Lair:2-4    Spider: Lair:2-4

Altars:
Ashenzari
Okawaru
Trog
Vehumet
Yredelemnul

Shops:
D:5 %   D:7 }


Innate Abilities, Weirdness & Mutations

You are somewhat resistant to further mutation.
Your spells are a little harder to cast, but a little more powerful.


Message History

The 13-headed hydra bites you!
* * * LOW HITPOINT WARNING * * *
The 13-headed hydra bites you.
* * * LOW HITPOINT WARNING * * *
You block the 13-headed hydra's attack.
You completely miss the 13-headed hydra.
The 13-headed hydra is moderately wounded.
You barely miss the 13-headed hydra.
The 13-headed hydra is moderately wounded.
The 13-headed hydra bites you but does no damage. x3
You block the 13-headed hydra's attack.
The 13-headed hydra bites you but does no damage.
The 13-headed hydra bites you!
* * * LOW HITPOINT WARNING * * *
The 13-headed hydra bites you but does no damage. x2
The 13-headed hydra bites you.
* * * LOW HITPOINT WARNING * * *
The 13-headed hydra bites you but does no damage.
The 13-headed hydra bites you.
You die...

#..### #..## .. ####
..P.## #..## ....# #P..#
###+.###### #P..####
##.......#. .......#
#.........# ##......##
..........## .........
#.........######.......P
#.....<.'♣D....'.......#
#.......##...###(......#
#.####.#.##### .(.....##
##### P.......#
###.......# #########


You could see a 13-headed hydra.

Vanquished Creatures
  Kirke (Lair:4)
  A hydra (Lair:2)
  Erica (Lair:1)
  A two-headed ogre (D:8)
  Nergalle (Lair:3)
  The ghost of Stimme the Cleaver, a novice HOFi of Okawaru (D:6)
  Pikel (D:7)
  2 black mambas
  4 spiny frogs
  Joseph (D:8)
  2 rime drakes
  A kobold demonologist (D:8)
  A polar bear (Lair:2)
  5 hippogriffs
  2 spriggans (Lair:2)
  Sigmund (D:3)
  4 yaks
  4 hogs (Lair:4)
  A basilisk (Lair:3)
  A steam dragon (D:7)
  Menkaure (D:4)
  4 water moccasins
  3 orc warriors
  4 porcupines
  3 sky beasts
  A black bear (Lair:2)
  2 phantoms
  3 slaves (D:7)
  4 necrophages (D:7)
  4 ogres
  2 wolves (Lair:2)
  5 centaurs
  5 crocodiles
  14 big kobolds (D:8)
  A wyvern zombie (D:7)
  9 bullfrogs
  A gnoll sergeant (D:6)
  2 scorpions
  7 wights (D:7)
  6 electric eels
  2 howler monkeys
  5 crimson imps
  3 bullfrog zombies
  5 centaur zombies
  A jelly (D:7)
  4 hounds
  3 orc priests
  7 orc wizards
  An iguana (D:4)
  3 worker ants (D:6)
  A hound skeleton (D:7)
  A mummy (D:7)
  A howler monkey zombie (D:6)
  15 gnolls
  A howler monkey skeleton (D:6)
  3 adders
  3 shadow imps (D:5)
  An adder skeleton (D:6)
  A worm (D:4)
  A leopard gecko (D:7)
  18 orcs
  6 giant cockroaches
  5 hobgoblins (D:1)
  2 jackals (D:4)
  23 kobolds
  3 quokkas
  A ball python (D:4)
  4 bats
  4 frilled lizards
  8 goblins
  A jackal zombie (D:7)
  A leopard gecko zombie (D:4)
  3 rats
  3 fungi
261 creatures vanquished.

Vanquished Creatures (others)
  A centaur (D:8)
  A kobold (D:8)
  4 fungi (Lair:2)
6 creatures vanquished.

Grand Total: 267 creatures vanquished

Notes
Turn   | Place    | Note
-------+----------+-------------------------------------------
     0 | D:1      | Stimme the Hill Orc Fighter began the quest for the Orb.
     0 | D:1      | Reached XP level 1. HP: 19/19 MP: 1/1
   166 | D:1      | Reached XP level 2. HP: 27/27 MP: 2/2
   288 | D:1      | Reached skill level 3 in Axes
   576 | D:1      | Found an iron altar of Okawaru.
   584 | D:1      | Became a worshipper of Warmaster Okawaru
   594 | D:1      | Reached XP level 3. HP: 33/33 MP: 3/3
   700 | D:1      | You fall through a shaft!
   773 | D:3      | Noticed Sigmund
   795 | D:3      | Killed Sigmund
   795 | D:3      | Reached * piety under Okawaru
   795 | D:3      | Reached skill level 4 in Axes
   795 | D:3      | Reached XP level 4. HP: 40/40 MP: 4/4
   795 | D:3      | Reached XP level 5. HP: 46/46 MP: 5/5
   804 | D:3      | Reached skill level 5 in Axes
  1375 | D:4      | Noticed an ogre
  1384 | D:4      | Killed an ogre
  1384 | D:4      | Reached skill level 1 in Dodging
  1384 | D:4      | Reached XP level 6. HP: 51/53 MP: 6/6
  1517 | D:4      | Noticed Menkaure
  1529 | D:4      | Killed Menkaure
  1529 | D:4      | Reached ** piety under Okawaru
  1529 | D:4      | Reached skill level 6 in Axes
  1825 | D:4      | Reached skill level 5 in Shields
  1854 | D:4      | Reached XP level 7. HP: 55/60 MP: 7/7
  1988 | D:4      | Reached skill level 7 in Axes
  2193 | D:5      | Entered Level 5 of the Dungeon
  2203 | D:4      | Reached skill level 1 in Throwing
  2357 | D:5      | Reached skill level 5 in Fighting
  2443 | D:5      | Found Lutoyve's Food Shop.
  2514 | D:5      | Reached XP level 8. HP: 67/68 MP: 8/8
  2603 | D:5      | HP: 3/68 [sky beast (6)]
  2617 | D:5      | Reached skill level 8 in Axes
  2883 | D:5      | Reached skill level 5 in Armour
  3067 | D:5      | Found an iron altar of Okawaru.
  3150 | D:6      | Reached *** piety under Okawaru
  3245 | D:5      | Gained mutation: Your spells are a little harder to cast, but a little more powerful. [potion of mutation]
  3245 | D:5      | Gained mutation: You are somewhat resistant to further mutation. [potion of mutation]
  3275 | D:6      | Noticed Stimme's ghost (novice HOFi)
  3278 | D:6      | Found a shattered altar of Ashenzari.
  3304 | D:6      | Killed Stimme's ghost
  3304 | D:6      | Reached skill level 9 in Axes
  3304 | D:6      | Reached XP level 9. HP: 33/75 MP: 9/9
  3532 | D:6      | Reached **** piety under Okawaru
  4324 | D:7      | Reached skill level 10 in Axes
  4715 | D:7      | Reached ***** piety under Okawaru
  5085 | D:7      | Found a staircase to the Ecumenical Temple.
  5128 | D:7      | Reached skill level 11 in Axes
  5128 | D:7      | Reached XP level 10. HP: 86/86 MP: 10/10
  5301 | D:7      | Got a transparent scale mail
  5312 | D:7      | Identified the +2 scale mail of the Guardian {rElec rN+ Regen+ Int-3 Dex+2} (You found it on level 7 of the Dungeon)
  5392 | D:7      | Noticed Pikel
  5428 | D:7      | Killed Pikel
  5437 | D:7      | Found Jevollu's Gadget Boutique.
  5453 | D:7      | Received a gift from Okawaru
  5858 | D:8      | Found a bloodstained altar of Trog.
  5872 | D:8      | Found a basalt altar of Yredelemnul.
  5875 | D:8      | Found a radiant altar of Vehumet.
  5937 | D:8      | Noticed Joseph
  5957 | D:8      | Paralysed by a big kobold for 7 turns
  5972 | D:8      | Killed Joseph
  5972 | D:8      | Reached skill level 12 in Axes
  5972 | D:8      | Reached skill level 5 in Throwing
  5972 | D:8      | Paralysed by a big kobold for 6 turns
  6024 | D:8      | Noticed a two-headed ogre
  6045 | D:8      | Killed a two-headed ogre
  6203 | D:8      | Found a staircase to the Lair.
  6447 | D:8      | Noticed a kobold demonologist
  6461 | D:8      | Reached XP level 11. HP: 92/95 MP: 3/11
  6608 | Lair:1   | Entered Level 1 of the Lair of Beasts
  6618 | Lair:1   | Reached skill level 13 in Axes
  6843 | Lair:1   | Received a gift from Okawaru
  6844 | Lair:1   | Got a fine broad axe {god gift}
  6849 | Lair:1   | Identified the +3 broad axe of Geraehot {chop, rPois} (Okawaru gifted it to you on level 1 of the Lair of Beasts)
  7115 | Lair:1   | Noticed Erica
  7150 | Lair:1   | Killed Erica
  7241 | Lair:1   | Got an iridescent falchion
  7893 | Lair:2   | Found a staircase to the Swamp.
  8185 | Lair:2   | Noticed a four-headed hydra
  8185 | Lair:2   | Identified the +5 falchion of the Everdark {freeze, Str+2 Int+7} (You found it on level 1 of the Lair of Beasts)
  8418 | Lair:2   | Reached skill level 14 in Axes
  8457 | Lair:2   | Killed a 15-headed hydra
  8457 | Lair:2   | Received a gift from Okawaru
  8457 | Lair:2   | Received a gift from Okawaru
  8539 | Lair:2   | Reached XP level 12. HP: 106/106 MP: 12/12
  8898 | Lair:3   | Reached skill level 10 in Fighting
  9393 | Lair:3   | Noticed Nergalle
  9440 | Lair:3   | Killed Nergalle
  9599 | Lair:4   | Noticed Kirke
  9614 | Lair:4   | Killed Kirke
  9614 | Lair:4   | Reached skill level 15 in Axes
  9614 | Lair:4   | Reached skill level 10 in Shields
  9716 | Lair:4   | Noticed an eight-headed hydra
  9769 | Lair:4   | Noticed a six-headed hydra
  9792 | Lair:4   | HP: 3/160 [13-headed hydra (8)]
  9792 | Lair:4   | Slain by a 13-headed hydra

Vault maps used:
D:1:      dpeg_arrival_chambers_temple_mockup, serial_curves, eino_curves_01,
          eino_curves_01, okawaru_ov_weapons_minmay
D:2:      chequers_ecumenical_altar_twisty, kennysheep_generic_room_12
D:3:      uniq_sigmund
D:4:      mrwooster_statue_mirror, dk_noncrumbling_3, uniq_menkaure
D:5:      nicolae_overflow_hidden_temple, serial_shops, shop, first_ration
D:6:      kennysheep_mini, due_unseen_surprise
D:7:      minmay_temple_entry_glassed_door, serial_undead, serial_undead_e,
          serial_undead_c, serial_undead_d, serial_undead_b, serial_undead_e,
          serial_undead_f, serial_undead_f, serial_shops, shop,
          hangedman_decor_points, nrook_mini_backslash, uniq_pikel
D:8:      grunt_temple_overflow_open, special_room, grunt_ogre_cave,
          minmay_fountain_box, minmay_misc_feat_iff,
          wad_floor_pattern_untrapped, uniq_joseph
Lair:1:   grunt_megastairs_4, infiniplex_staircase_pool_2, uniq_erica
Lair:2:   minmay_swamp_entry_eels, forest_entry_grove, lemuel_fruit_fields
Lair:3:   lemuel_fruit_tree, uniq_nergalle
Lair:4:   dummy_snake_entry, lemuel_oklob_altar, uniq_kirke

Skill      XL: |  1  2  3  4  5  6  7  8  9 10 11 12 |
---------------+-------------------------------------+-----
Axes           | 3 4 5 6 7 9 11 12 14 15 | 15.2
Fighting       | 4 5 6 7 8 9 10 | 10.4
Shields        | 4 5 6 7 8 9 10 | 10.1
Armour         | 4 5 6 7 8 9 |  9.6
Dodging        | 1 |  1.1
Throwing       | 1 3 4 5 6 |  6.5
Stealth        | |  0.4

Action                   |  1- 3 |  4- 6 |  7- 9 | 10-12 || total
-------------------------+-------+-------+-------+-------++-------
Melee: War axe           |    93 |    91 |   464 |   328 ||   976
       Broad axe         |       |       |       |   220 ||   220
Throw: Throwing net      |       |       |     1 |       ||     1
       Tomahawk          |       |       |       |     6 ||     6
Invok: Finesse           |       |       |       |    10 ||    10
       Heroism           |       |       |       |     2 ||     2
  Use: Potion            |     5 |     3 |     9 |     5 ||    22
       Scroll            |     4 |     2 |     2 |     5 ||    13
  Eat: Chunk             |       |     3 |     6 |     8 ||    17
       Ration            |       |       |     2 |     2 ||     4
Armor: Scale mail        |    39 |    17 |    13 |   196 ||   265
       Skin              |     7 |     5 |    18 |    31 ||    61
       Ring mail         |       |       |    18 |       ||    18
       Fire dragon scale |       |       |   164 |    18 ||   182
Dodge: Dodged            |    26 |    17 |   121 |   124 ||   288
Block: Shield            |    52 |    49 |   214 |   310 ||   625
       Reflection        |       |       |       |    19 ||    19
       Buckler           |       |       |       |    51 ||    51

Table legend:
 A = Spawn XP
 B = Non-spawn XP
 C = Spawn XP percentage of total XP
 D = Spawn monster count
 E = Non-spawn monster count
 F = Spawn count percentage of total count
 G = Total turns spent on level
                    A         B        C        D         E        F      G
               +---------+---------+-------+---------+---------+-------+---------
         Total |       0 |   25679 |   0.0 |       0 |     257 |   0.0 |  9792
               +---------+---------+-------+---------+---------+-------+---------
           D:1 |       0 |      37 |   0.0 |       0 |      22 |   0.0 |   700
           D:2 |       0 |       2 |   0.0 |       0 |       1 |   0.0 |    62
           D:3 |       0 |     246 |   0.0 |       0 |      20 |   0.0 |   813
           D:4 |       0 |     603 |   0.0 |       0 |      17 |   0.0 |   733
           D:5 |       0 |     764 |   0.0 |       0 |      20 |   0.0 |   927
           D:6 |       0 |    1511 |   0.0 |       0 |      26 |   0.0 |  1076
           D:7 |       0 |    3326 |   0.0 |       0 |      46 |   0.0 |  1331
           D:8 |       0 |    4262 |   0.0 |       0 |      49 |   0.0 |   966
        Lair:1 |       0 |    3679 |   0.0 |       0 |      18 |   0.0 |  1221
        Lair:2 |       0 |    5177 |   0.0 |       0 |      22 |   0.0 |   903
        Lair:3 |       0 |    2272 |   0.0 |       0 |       8 |   0.0 |   869
        Lair:4 |       0 |    3800 |   0.0 |       0 |       8 |   0.0 |   191
               +---------+---------+-------+---------+---------+-------+---------
